[Event "Early-Titled-Tuesday-Blitz-January-16-2024"]
[Site "Chess.com"]
[Date "2024.01.16"]
[Round "2"]
[White "sokidze"]
[Black "Artemiki"]
[Result "1-0"]
[WhiteElo "2770"]
[BlackElo "2469"]
[TimeControl "180+1"]
[EndTime "8:17:53 PST"]
[Termination "sokidze won on time"]

1. d4 Nf6 2. c4 c5 3. d5 e6 4. Nc3 exd5 5. cxd5 d6 6. Nf3 g6 7. Nd2 Bg7 8. e4 O-O 9. Be2 Re8 10. O-O Nbd7 11. a4 c4 12. f3 Nh5 13. Nxc4 Nb6 14. Be3 Nxc4 15. Bxc4 f5 16. Qd2 f4 17. Bxf4 Nxf4 18.
Qxf4 Qb6+ 19. Kh1 Qxb2 20. Nb5 Be5 21. Qe3 Bh3 22. Be2 Rac8 23. Rab1 Qa2 24. gxh3 a6 25. f4 Rc2 26. fxe5 Rxe2 27. Qf4 Kg7 28. Nc3 1-0

[Event "Early-Titled-Tuesday-Blitz-January-16-2024"]
[Site "Chess.com"]
[Date "2024.01.16"]
[Round "2"]
[White "Schachmalanders"]
[Black "KnightmareJoker"]
[Result "1-0"]
[WhiteElo "2455"]
[BlackElo "2083"]
[TimeControl "180+1"]
[EndTime "8:17:53 PST"]
[Termination "Schachmalanders won by resignation"]

1. e4 e5 2. Nf3 Nc6 3. Bc4 Bc5 4. O-O Nf6 5. d3 d6 6. h3 h6 7. c3 O-O 8. b4 Bb6 9. a4 a5 10. b5 Ne7 11. Be3 Bxe3 12. fxe3 Be6 13. Nbd2 Ng6 14. Bxe6 fxe6 15. Qb3 d5 16. exd5 exd5 17. e4 Kh8 18.
exd5 Nxd5 19. Rae1 Ndf4 20. d4 exd4 21. cxd4 Nh4 22. Nxh4 Qxh4 23. Kh2 Qd8 24. Nf3 Qd6 25. Ne5 Nd5 26. Qg3 Ne7 27. Nf7+ Rxf7 28. Rxf7 Qxg3+ 29. Kxg3 Nd5 30. Rd7 Nc3 31. Rxc7 Nxa4 32. Rxb7 Nc3 33. b6 a4 34. Rc7 Nd5 35. b7 Nxc7 36. bxa8=Q+ Nxa8 37. Re8+ 1-0

[Event "Early-Titled-Tuesday-Blitz-January-16-2024"]
[Site "Chess.com"]
[Date "2024.01.16"]
[Round "2"]
[White "Shield12"]
[Black "astralpulse"]
[Result "1-0"]
[WhiteElo "3011"]
[BlackElo "2636"]
[TimeControl "180+1"]
[EndTime "8:17:54 PST"]
[Termination "Shield12 won by resignation"]

1. d4 d5 2. c4 e6 3. Nf3 Nf6 4. Nc3 Be7 5. Bf4 O-O 6. e3 c5 7. dxc5 Bxc5 8. a3 Nc6 9. Qc2 Qa5 10. Rd1 Be7 11. Be2 a6 12. O-O dxc4 13. Bxc4 b5 14. Bd3 Bb7 15. Ne4 g6 16. Nd6 Bxd6 17. Bxd6 Rfc8 18.
b4 Qd8 19. Bc5 Nd7 20. Be4 Qe8 21. Rd6 Nxc5 22. Qxc5 Na5 23. Qg5 Bxe4 24. bxa5 Bxf3 25. gxf3 Rd8 26. Rfd1 Rxd6 27. Rxd6 Qc8 28. Kg2 Qc3 29. Qe7 Qxa5 30. Qb7 Rf8 31. Rxa6 Qd2 32. Qxb5 Rc8 33. Rc6 Ra8 34. a4 Qa2 35. Rc4 h5 36. Rf4 Kg7 37. Rxf7+ Kxf7 38. Qb7+ Kf6 39. Qxa8 h4 40. Qd8+ Kf7 41. Qxh4 1-0

[Event "Early-Titled-Tuesday-Blitz-January-16-2024"]
[Site "Chess.com"]
[Date "2024.01.16"]
[Round "2"]
[White "Nuvas"]
[Black "Leebit02"]
[Result "0-1"]
[WhiteElo "2789"]
[BlackElo "2563"]
[TimeControl "180+1"]
[EndTime "8:17:55 PST"]
[Termination "Leebit02 won by resignation"]

1. d4 d5 2. c4 dxc4 3. e3 Nf6 4.
Bxc4 e6 5. Nf3 c5 6. O-O a6 7.
Re1 Nc6 8. Nc3 b5 9. Bd3 Bb7 10. a4 b4 11. Ne4 Qa5 12. Bd2 Rd8 13. Nxf6+ gxf6 14. Be4 f5 15. Bxc6+ Bxc6 16. Ne5 Bb7 17. Qh5 Qc7 18. Rac1 a5 19. f4 Bd6 20. Re2 Bxe5 21.
Rxc5 Qd7 22. Rxe5 Bd5 23. Qxf5 Qxa4 24. Qf6 Rg8 25. f5 Qd1+ 26. Re1 Rxg2+ 27. Kh1 Qxd2 28. Rxd5 Rxh2+ 0-1

[Event "Early-Titled-Tuesday-Blitz-January-16-2024"]
[Site "Chess.com"]
[Date "2024.01.16"]
[Round "2"]
[White "Buzhizhebuguai"]
[Black "MdChess1734"]
[Result "0-1"]
[WhiteElo "2657"]
[BlackElo "2403"]
[TimeControl "180+1"]
[EndTime "8:17:55 PST"]
[Termination "MdChess1734 won by resignation"]

1. Nf3 Nf6 2. g3 d5 3. Bg2 Bf5 4. O-O e6 5. c4 c6 6. b3 Be7 7. Bb2 Nbd7 8. d3 O-O 9. Nh4 Bg6 10. Nxg6 hxg6 11. Nd2 e5 12. cxd5 cxd5 13. Nf3 Bd6 14.
a3 a5 15. Qd2 Qb6 16. Rfb1 Rac8 17. Bc3 Ra8 18. h3 Rfc8 19. Qb2 e4 20. Bd4 Bc5 21.
Bxc5 Nxc5 22. dxe4 dxe4 23. Nd4 e3 24. f4 Rd8 25.
Rd1 Rd7 26. Nc2 Rad8 27. Rxd7 Rxd7 28. b4 Nce4 29. Qb3 Nxg3 30. Qxe3 Nxe2+ 31. Kf2 Qxe3+ 32. Kxe3 Nc3 33. bxa5 Nfd5+ 34. Kf2 Nxf4 35. Ne3 Rd2+ 36. Kf3 Nxg2 37. Nxg2 Rd3+ 38. Kg4 f5+ 39. Kh4 Ne4 0-1

[Event "Early-Titled-Tuesday-Blitz-January-16-2024"]
[Site "Chess.com"]
[Date "2024.01.16"]
[Round "2"]
[White "Niilo1"]
[Black "Aguiar94"]
[Result "0-1"]
[WhiteElo "2277"]
[BlackElo "2526"]
[TimeControl "180+1"]
[EndTime "8:17:55 PST"]
[Termination "Aguiar94 won by resignation"]

1. e4 c5 2. Nf3 e6 3. d4 cxd4 4. Nxd4 Nc6 5. Nc3 Qc7 6. a3 a6 7. Be3 Nf6 8. Qf3 Nxd4 9. Bxd4 e5 10. Be3 d6 11. h3 h6 12. O-O-O Be6 13. Nd5 Nxd5 14.
exd5 Bd7 15. Bd3 g6 16. h4 h5 17. Qg3 Rc8 18. Bxg6 Bg4 19. Bd3 Bxd1 20. Rxd1 Qd7 21. Qg5 Be7 22. Qg3 Qg4 23. Qxg4 hxg4 24. g3 Rh5 25.
Be2 f5 26. f3 gxf3 27. Bxf3 Rh7 28. Rf1 Kd7 29. Bg2 Rg8 30. Bh3 Ke8 31. Bxf5 Rf7 32. g4 Rxg4 33. h5 Bg5 34. Bxg5 Rxg5 35. Bg6 Rxg6 36. Rxf7 Rg1+ 0-1

[Event "Early-Titled-Tuesday-Blitz-January-16-2024"]
[Site "Chess.com"]
[Date "2024.01.16"]
[Round "2"]
[White "blitzking1729"]
[Black "Licancabur"]
[Result "1-0"]
[WhiteElo "2681"]
[BlackElo "2353"]
[TimeControl "180+1"]
[EndTime "8:17:59 PST"]
[Termination "blitzking1729 won on time"]

1. c4 e5 2. Nc3 Nc6 3. Nf3 f5 4. d4 e4 5. Ng5 Nf6 6. g3 h6 7.
Nh3 Bb4 8. Bg2 d6 9. O-O Bxc3 10. bxc3 O-O 11. f3 Bd7 12. Nf4 Ne7 13. Qc2 exf3 14. exf3 g5 15. Nd3 Qe8 16. f4 Ne4 17. fxg5 hxg5 18.
Nf2 Nxf2 19. Qxf2 Qg6 20. Qe3 Rae8 21. Qxg5 Qxg5 22. Bxg5 Bc6 23. Rae1 Bxg2 24. Kxg2 Nc6 25. Rxe8 Rxe8 26. Rxf5 b6 27. c5 Na5 28. cxd6 cxd6 29. Rf2 Rc8 30. Rf3 Nc4 31. h4 Na3 32.
Bc1 Nb5 33. Bd2 Rc4 34. h5 Ra4 35. g4 Rxa2 36. Rf2 a5 37. g5 a4 38. g6 Kg7 39. Kg3 a3 40. Rf7+ Kg8 41. Bh6 1-0

[Event "Early-Titled-Tuesday-Blitz-January-16-2024"]
[Site "Chess.com"]
[Date "2024.01.16"]
[Round "2"]
[White "Olya_Oblachko"]
[Black "LimeInTheCoconut"]
[Result "0-1"]
[WhiteElo "2325"]
[BlackElo "2551"]
[TimeControl "180+1"]
[EndTime "8:17:59 PST"]
[Termination "LimeInTheCoconut won on time"]

1. d4 d5 2. c4 e6 3. g3 Bb4+ 4. Bd2 Bxd2+ 5. Nxd2 Ne7 6. Ngf3 O-O 7. Bg2 b6 8. cxd5 exd5 9. O-O c5 10. Rc1 Nd7 11. e4 Bb7 12. e5 Nc6 13. Nb3 c4 14. Nbd2 b5 15. Re1 Re8 16. Nf1 Nf8 17. Ne3 Ne6 18.
Nf5 Qb6 19. Qd2 a5 20. Rcd1 b4 21. Nd6 Red8 22. Bh3 Bc8 23. Bg2 a4 24. Ng5 a3 25.
Ngxf7 axb2 26. Nxd8 c3 27. Qc2 Nexd8 28. Bxd5+ Be6 29.
Bxe6+ Nxe6 30. d5 Ncd4 31. Qd3 c2 32. Nf5 c1=Q 0-1

[Event "Early-Titled-Tuesday-Blitz-January-16-2024"]
[Site "Chess.com"]
[Date "2024.01.16"]
[Round "2"]
[White "lucliasco"]
[Black "profedechess93"]
[Result "1/2-1/2"]
[WhiteElo "2927"]
[BlackElo "2614"]
[TimeControl "180+1"]
[EndTime "8:18:00 PST"]
[Termination "Game drawn by repetition"]

1. e4 e6 2. d4 d5 3. exd5 exd5 4. c4 Nc6 5. Nf3 Bg4 6. Nc3 Bb4 7. Be2 Nf6 8. O-O O-O 9. Bg5 dxc4 10. d5 Bxf3 11.
Bxf3 Ne5 12. Be2 Bxc3 13. bxc3 Qxd5 14. Bxf6 Qxd1 15. Rfxd1 gxf6 16. f4 Nd3 17. Bxd3 cxd3 18. Rxd3 Rfe8 19. Kf2 Re4 20. g3 Rae8 21. Kf3 Re2 22.
Rad1 Kg7 23. Kg4 Kg6 24. f5+ Kg7 25. Rd7 R8e4+ 26. Kh3 Rc4 27. R1d3 Rxa2 28. Re7 Kh6 29. Rxf7 Kg5 30. Rf3 Rc2 31. Rg7+ Kh6 32. Rf7 Kg5 33. Rg7+ Kh6 34. Rf7 Kg5 1/2-1/2

[Event "Early-Titled-Tuesday-Blitz-January-16-2024"]
[Site "Chess.com"]
[Date "2024.01.16"]
[Round "2"]
[White "SaqoChess_Twitch"]
[Black "crescentmoon2411"]
[Result "0-1"]
[WhiteElo "2604"]
[BlackElo "2929"]
[TimeControl "180+1"]
[EndTime "8:18:00 PST"]
[Termination "crescentmoon2411 won by checkmate"]

1. d4 Nf6 2. c4 e6 3. Nc3 d5 4.
cxd5 exd5 5. Bg5 c6 6. e3 Bd6 7. Bd3 Be6 8. Qc2 Nbd7 9. Nf3 h6 10. Bh4 Qb8 11. O-O Ng4 12. Bg3 Bxg3 13. hxg3 h5 14. Bf5 Bxf5 15. Qxf5 g6 16. Qf4 Qxf4 17. gxf4 a5 18.
Rac1 a4 19. a3 Nb6 20. Nd2 O-O 21. g3 Kg7 22. Kg2 Rfe8 23. Rfe1 Re7 24. Nd1 Rae8 25.
b3 axb3 26. Nxb3 Nc4 27. a4 Nh6 28. Rc2 Nf5 29. Nb2 Nfxe3+ 30. fxe3 Nxe3+ 31. Rxe3 Rxe3 32. Nc1 R8e4 33. Rd2 h4 34. gxh4 Rxf4 35. Nd1 Rg4+ 36. Kf2 Rh3 37. Ne2 Rh2+ 38. Ke1 Rgxh4 39. Nf2 Rg2 40. Rb2 Rhh2 41. Nf4 Rg1+ 42. Ke2 g5 43. Nh3 Rg3 44. Rxb7 Rgxh3 45. a5 Ra3 46. Kf1 Ra1+ 47.
Ke2 Ra2+ 48. Kf3 Rhxf2+ 49. Kg4 Kg6 50. a6 Ra3 51. Rxf7 Rg2# 0-1

[Event "Early-Titled-Tuesday-Blitz-January-16-2024"]
[Site "Chess.com"]
[Date "2024.01.16"]
[Round "2"]
[White "frederiksvane"]
[Black "GameOverBro"]
[Result "1-0"]
[WhiteElo "2920"]
[BlackElo "2602"]
[TimeControl "180+1"]
[EndTime "8:18:00 PST"]
[Termination "frederiksvane won on time"]

1. e4 d6 2. d4 Nf6 3. Nc3 e5 4. Nf3 Nbd7 5. Bc4 Be7 6. O-O c6 7. a4 Qc7 8. Re1 h6 9. h3 Nf8 10. Be3 Ng6 11. d5 O-O 12. a5 Kh7 13. Bf1 cxd5 14.
exd5 Bd7 15. a6 b6 16. Nb5 Bxb5 17. Bxb5 Rac8 18. Bc6 Nd7 19. b4 f5 20. c4 Bf6 21.
Ra3 e4 22. Nd4 Bxd4 23. Bxd4 Nde5 24. b5 Qe7 25. Rc3 Qg5 26. Rg3 Qh4 27. c5 dxc5 28. Ba1 f4 29. Rxe4 fxg3 30. Rxh4 gxf2+ 31. Kf1 Nxc6 32. Qb1 Rce8 33. Re4 Rxe4 34. Qxe4 Nd4 35. Bxd4 cxd4 36. d6 Rf6 37. d7 Rd6 38. Qc6 1-0

[Event "Early-Titled-Tuesday-Blitz-January-16-2024"]
[Site "Chess.com"]
[Date "2024.01.16"]
[Round "2"]
[White "Alexchess1984"]
[Black "Willi_Skibbe"]
[Result "1-0"]
[WhiteElo "2690"]
[BlackElo "2395"]
[TimeControl "180+1"]
[EndTime "8:18:01 PST"]
[Termination "Alexchess1984 won on time"]

1. e4 e6 2. d4 d5 3. e5 c5 4. c3 Nc6 5. Nf3 Bd7 6. Be2 Nge7 7.
dxc5 Ng6 8. Be3 Ncxe5 9. Nxe5 Nxe5 10. O-O Be7 11. Nd2 O-O 12. b4 b6 13. cxb6 axb6 14. a3 Ba4 15. Qb1 Rc8 16. Rc1 Bf6 17. b5 Nd7 18.
Qb4 Ra8 19. Rab1 Be7 20. Qb2 Qc7 21. c4 Qd6 22. cxd5 exd5 23. Bd4 Qxa3 24. Bxg7 Qxb2 25.
Bxb2 Nc5 26. Bd4 Bg5 27. Be3 Bxe3 28. fxe3 Rfe8 29. Kf2 Re5 30. Nf3 Re7 31. Ra1 Ra5 32. Nd4 Rea7 33. Nc6 Nb3 34. Nxa7 1-0

[Event "Early-Titled-Tuesday-Blitz-January-16-2024"]
[Site "Chess.com"]
[Date "2024.01.16"]
[Round "2"]
[White "elchacal664"]
[Black "Aslanov_Umid"]
[Result "0-1"]
[WhiteElo "2353"]
[BlackElo "2604"]
[TimeControl "180+1"]
[EndTime "8:18:01 PST"]
[Termination "Aslanov_Umid won by checkmate"]

1. Nf3 d5 2. e3 c6 3. d4 Nf6 4.
c4 e6 5. Nc3 Nbd7 6. b3 Bb4 7.
Bd2 O-O 8. a3 Bd6 9. Bd3 e5 10.
dxe5 Nxe5 11. Nxe5 Bxe5 12. Rc1 d4 13. exd4 Qxd4 14. Be3 Qh4 15. g3 Qh3 16. Bf1 Qf5 17. Bd3 Qe6 18. h3 Bxg3 19. Kd2 Be5 20. Qf3 Rd8 21. Kc2 Bxc3 22. Kxc3 Qe5+ 23. Kc2 Rxd3 24. Kxd3 Bf5+ 25. Ke2 Be4 26. Qg3 Qb2+ 27. Bd2 Bxh1 28. Rxh1 Rd8 29. Rd1 Ne4 30. Qe3 Nxd2 31. Rxd2 Qxd2+ 32.
Qxd2 Rxd2+ 33. Kxd2 f5 34. Ke3 Kf7 35. Kd4 Ke6 36.
Kc5 f4 37. f3 g5 38. b4 h5 39. b5 cxb5 40. cxb5 Ke5 41. a4 g4 42. hxg4 hxg4 43.
a5 g3 44. a6 bxa6 45. bxa6 g2 46. Kc6 g1=Q 47. Kb7 Qb6+ 48. Ka8 Qxa6 49. Kb8 Qd3 50. Ka8 Qxf3+ 51. Kb8 Qc6 52. Kxa7 Kd6 53. Kb8 Kc5 54. Ka7 Qb5 55. Ka8 Kc6 56. Ka7 Qb7# 0-1

[Event "Early-Titled-Tuesday-Blitz-January-16-2024"]
[Site "Chess.com"]
[Date "2024.01.16"]
[Round "2"]
[White "BJthechessgod"]
[Black "Bushonica"]
[Result "1-0"]
[WhiteElo "2424"]
[BlackElo "1811"]
[TimeControl "180+1"]
[EndTime "8:18:01 PST"]
[Termination "BJthechessgod won by resignation"]

1. e4 e5 2. Nf3 Nf6 3. Nxe5 Qe7 4. d4 d6 5. Nf3 Qxe4+ 6. Be2 Bg4 7. O-O Be7 8. Re1 O-O 9. Bd3 Qd5 10. Rxe7 Nc6 11. Nc3 Qh5 12. Re3 Nxd4 13. Bxh7+ Kxh7 14. Qxd4 Rae8 15. h3 Bxf3 16. Rxf3 Re1+ 17. Kh2 a6 18. Re3 Re8 19. Rxe8 Rxe8 20. Be3 c5 21. Qxd6 Ng4+ 22. Kg1 Nxe3 23. fxe3 Rxe3 24. Rf1 Qg5 25. Qf4 Qxf4 26. Rxf4 Re1+ 27. Rf1 Re7 28. Nd5 Rd7 29. c4 b5 30.
b3 Kg6 31. Re1 Rd6 32. Re5 f6 33. Nf4+ Kf7 34. Rxc5 1-0

[Event "Early-Titled-Tuesday-Blitz-January-16-2024"]
[Site "Chess.com"]
[Date "2024.01.16"]
[Round "2"]
[White "campochess"]
[Black "Schattman"]
[Result "0-1"]
[WhiteElo "2098"]
[BlackElo "2456"]
[TimeControl "180+1"]
[EndTime "8:18:04 PST"]
[Termination "Schattman won by resignation"]

1. d4 d5 2. Bg5 f6 3. Bd2 e5 4. e3 Nc6 5. c4 exd4 6. Qh5+ g6 7. Qxd5 Qxd5 8. cxd5 dxe3 9. Bxe3 Nb4 10. Bb5+ Bd7 11. Bxd7+ Kxd7 12. Na3 Nxd5 13. Rd1 c6 14.
Nc2 Bd6 15. Nf3 Nge7 16. O-O Rhe8 17. Nfd4 a6 18. a3 Nxe3 19. fxe3 f5 20. Kh1 Nd5 21.
Rf3 Re4 22. Ne2 Rae8 23. Ng3 Bxg3 24. Rxg3 Kc7 25. Rh3 h5 26. Rg3 Rg4 27. Rf3 Rge4 28. Rg3 R8e6 29. h3 h4 30. Rf3 Nxe3 31. Rd2 Nxc2 32.
Rxc2 Re2 33. Rf2 Rxf2 34. Rxf2 Re4 35. Rd2 b5 36. Kg1 Rf4 37. b3 a5 38. Kh2 c5 39.
Rd5 Kc6 40. Rd8 a4 41. bxa4 Rxa4 42. Rg8 Rxa3 43. Rxg6+ Kd5 44. Rh6 b4 45. Rxh4 b3 46. Rh8 Ra4 47. Rd8+ Ke5 48. Rd1 b2 0-1

[Event "Early-Titled-Tuesday-Blitz-January-16-2024"]
[Site "Chess.com"]
[Date "2024.01.16"]
[Round "2"]
[White "Jospem"]
[Black "Timerkhanov"]
[Result "1-0"]
[WhiteElo "3079"]
[BlackElo "2658"]
[TimeControl "180+1"]
[EndTime "8:18:05 PST"]
[Termination "Jospem won by resignation"]

1. e4 c5 2. Nf3 a6 3. c3 d5 4.
exd5 Nf6 5. d4 cxd4 6. cxd4 Nxd5 7. Nc3 Nc6 8. Bc4 e6 9. O-O Be7 10. Bd3 Nf6 11. Bg5 O-O 12. a3 b5 13. Bc2 Bb7 14.
Qd3 g6 15. Rad1 Nd5 16. Bh6 Re8 17. Ne4 Rc8 18. Bb1 b4 19. Nc5 Qb6 20. Rc1 a5 21. Nxb7 Qxb7 22. Ba2 Bf6 23. h4 bxa3 24. bxa3 Qb2 25.
Rc2 Ncb4 26. Qxg6+ hxg6 27. Rxb2 Nxa2 28. Rxa2 Rc4 29.
Rd2 Rb8 30. Ra1 Rb3 31. Kh2 Ra4 32. Rc1 Raxa3 33. Rc8+ Kh7 34. Bg5 Kg7 35. Ne5 Rb7 36.
Rdc2 Bxg5 37. hxg5 Ra4 38. Ra8 Nc7 39. Rd8 Rab4 40.
Rc3 a4 41. Rh3 Rb8 42. Rd7 1-0

[Event "Early-Titled-Tuesday-Blitz-January-16-2024"]
[Site "Chess.com"]
[Date "2024.01.16"]
[Round "2"]
[White "djano"]
[Black "rasmussvane"]
[Result "0-1"]
[WhiteElo "2627"]
[BlackElo "3007"]
[TimeControl "180+1"]
[EndTime "8:18:05 PST"]
[Termination "rasmussvane won by resignation"]

1. e4 c6 2. d4 d5 3. exd5 cxd5 4. Bd3 Nc6 5. c3 Nf6 6. Bf4 Bg4 7. Qb3 Qd7 8. Nd2 e6 9. Ngf3 Bd6 10. Bxd6 Qxd6 11.
O-O O-O 12. Rae1 Bxf3 13. Nxf3 Qc7 14. Qd1 Rab8 15. Qe2 a6 16. g3 b5 17. b4 Ne7 18.
Rc1 Nc8 19. a4 Nd6 20. a5 Nfe4 21. Nd2 Nxd2 22. Qxd2 Rbc8 23. Rfe1 Qe7 24. Re3 Rc6 25.
Bb1 Rfc8 26. Qd3 Ne4 27. Qf1 Nxc3 28. Rce1 Nxb1 29. Rxb1 Rc4 30. f4 Rxb4 31. Rd1 Qf6 32. Re5 g6 33. g4 Rc2 34. Qd3 Rbb2 35. g5 Rg2+ 0-1

[Event "Early-Titled-Tuesday-Blitz-January-16-2024"]
[Site "Chess.com"]
[Date "2024.01.16"]
[Round "2"]
[White "shimastream"]
[Black "Shuvalov"]
[Result "1-0"]
[WhiteElo "3007"]
[BlackElo "2540"]
[TimeControl "180+1"]
[EndTime "8:18:05 PST"]
[Termination "shimastream won on time"]

1. e4 e6 2. Qe2 c5 3. Nf3 Nc6 4. d3 Nf6 5. g3 d5 6. Bg2 Be7 7. O-O O-O 8. e5 Ne8 9. c4 Nc7 10. Nc3 Rb8 11. h4 b5 12. b3 bxc4 13. dxc4 Ba6 14.
Rd1 Qc8 15. h5 h6 16. g4 dxc4 17. bxc4 Na5 18. g5 Bxc4 19. Qe4 Nd5 20. Bd2 Rb4 21. gxh6 Bb3 22. Qd3 Bxd1 23. hxg7 Rd8 24. Rxd1 Rg4 25. Qb1 Nc4 26. Nxd5 Rxd5 27. Bh6 Rxd1+ 28. Qxd1 Qc6 29.
Qe2 1-0

[Event "Early-Titled-Tuesday-Blitz-January-16-2024"]
[Site "Chess.com"]
[Date "2024.01.16"]
[Round "2"]
[White "Vesper2018"]
[Black "francyIM"]
[Result "0-1"]
[WhiteElo "2556"]
[BlackElo "2819"]
[TimeControl "180+1"]
[EndTime "8:18:06 PST"]
[Termination "francyIM won on time"]

1. e4 e5 2. Nf3 Nc6 3. Bc4 Bc5 4. d3 d6 5. c3 Bb6 6. O-O h6 7. h3 g5 8. Nh2 Qf6 9. Be3 h5 10. Qf3 g4 11. hxg4 hxg4 12. Nxg4 Qg6 13. Nh2 Nf6 14. Re1 Bd7 15. Nd2 O-O-O 16. Ndf1 Rdg8 17. Ng3 Ng4 18. Nxg4 Bxg4 19. Qxf7 Qxf7 20. Bxf7 Rg7 21. Bd5 Ne7 22.
Kf1 Ng6 23. f3 Bd7 24. Bxb6 axb6 25. Nf5 Bxf5 26. exf5 Nf4 27. Be6+ Kd8 28. g4 Rgh7 29. Kf2 Rh2+ 30. Ke3 Rxb2 31. Ke4 Rhh2 32. f6 Nxe6 33. Kf5 Kd7 34. Rh1 Rbf2 0-1

[Event "Early-Titled-Tuesday-Blitz-January-16-2024"]
[Site "Chess.com"]
[Date "2024.01.16"]
[Round "2"]
[White "Journey_to_GrandMaster_YT"]
[Black "Chempiblinka"]
[Result "1-0"]
[WhiteElo "2513"]
[BlackElo "2255"]
[TimeControl "180+1"]
[EndTime "8:18:06 PST"]
[Termination "Journey_to_GrandMaster_YT won on time"]

1. d4 Nf6 2. Nf3 g6 3. g3 Bg7 4.
Bg2 O-O 5. O-O d6 6. b3 Bf5 7. Nbd2 Ne4 8. Nh4 Nc3 9. Qe1 Bxc2 10. Bb2 Nb5 11. Rc1 Bf5 12. Nxf5 gxf5 13. Bxb7 Nd7 14. Bxa8 Qxa8 15. Nf3 c5 16. Qd2 cxd4 17. Nxd4 Nxd4 18. Bxd4 Qd5 19. Rfd1 Ne5 20. Bxa7 Qe6 21. Bd4 Qg6 22. Rc7 e6 23. a4 Qh5 24. Bxe5 Bxe5 25. a5 f4 26. a6 fxg3 27. hxg3 Kh8 28. Qe3 Rg8 29. a7 Qh3 30. Rd3 Qh5 31. Rb7 f5 32. Rb8 f4 33.
Rxg8+ Kxg8 34. a8=Q+ Kg7 35. Qef3 1-0

[Event "Early-Titled-Tuesday-Blitz-January-16-2024"]
[Site "Chess.com"]
[Date "2024.01.16"]
[Round "2"]
[White "DraningWaterHi"]
[Black "GrumbleBruno"]
[Result "0-1"]
[WhiteElo "2133"]
[BlackElo "2466"]
[TimeControl "180+1"]
[EndTime "8:18:06 PST"]
[Termination "GrumbleBruno won by checkmate"]

1. d4 Nf6 2. c4 c5 3. d5 Ne4 4. g3 Qa5+ 5. Nd2 Nd6 6. e3 g6 7. Qc2 Bg7 8. Bg2 O-O 9. Ne2 Na6 10. O-O b5 11. cxb5 Nxb5 12. Nc4 Qd8 13. Bd2 d6 14. Ba5 Qe8 15. a4 Nbc7 16. Nc3 Bd7 17. e4 Nb4 18. Bxb4 cxb4 19. Nd1 Qc8 20. Rc1 Na6 21.
b3 Nc5 22. Ndb2 Qa6 23. Nd3 Rac8 24. Nxb4 Qb7 25. Nd3 Qxb3 26. Nxc5 Qxc2 27. Rxc2 Rxc5 28. Rfc1 Rfc8 29. Bf1 Bxa4 30. Ra2 Bb3 31. Rxa7 Bxc4 32. Bxc4 Rxc4 33. Rxc4 Rxc4 34. Rxe7 Bf8 35. Re8 f6 36. f3 Kf7 37. Ra8 f5 38. exf5 gxf5 39. Ra7+ Be7 40. Kg2 Rc5 41. Kh3 Rxd5 42. g4 fxg4+ 43. Kxg4 Rg5+ 44. Kf4 Rh5 45. Kg3 Ke6 46. Ra6 Rg5+ 47. Kf4 Rg6 48. h3 Kf7 49. Ra7 Re6 50. Kg4 d5 51. Ra5 Rd6 52. Ra3 Kf6 53. Rd3 Bf8 54. f4 Bh6 55. h4 Ke6 56. h5 Kf6 57. Rd4 Rd7 58. Rd3 d4 59. Rd1 d3 60.
Rd2 Rd4 61. Kf3 Rxf4+ 62. Kg3 Rd4 63. Rd1 d2 64. Kf3 Rd6 65. Ke2 Bg5 66. Rf1+ Kg7 67. Kd1 Kh6 68. Rh1 Rc6 69. Ke2 Rc1 70. Rd1 Kxh5 71. Rg1 Rxg1 72. Kf2 Rh1 73. Kg2 d1=Q 74. Kg3 Rg1+ 75. Kh3 Qf3+ 76. Kh2 Qg2# 0-1

[Event "Early-Titled-Tuesday-Blitz-January-16-2024"]
[Site "Chess.com"]
[Date "2024.01.16"]
[Round "2"]
[White "RodokininEV"]
[Black "tptagain"]
[Result "0-1"]
[WhiteElo "2612"]
[BlackElo "2957"]
[TimeControl "180+1"]
[EndTime "8:18:07 PST"]
[Termination "tptagain won by resignation"]

1. Nf3 d5 2. g3 e6 3. Bg2 b5 4. O-O Nf6 5. d3 Be7 6. Nbd2 O-O 7. e4 c5 8. Re1 h6 9. e5 Nh7 10.
Nf1 a5 11. h4 a4 12. N1h2 Nc6 13. Ng4 Re8 14. Bf4 a3 15. b3 b4 16. Qd2 Na7 17. Bxh6 gxh6 18. Nxh6+ Kg7 19. Ng4 Rh8 20. Qh6+ Kg8 21.
Qf4 Bf8 22. Ng5 Nxg5 23. hxg5 Bg7 24. Bf3 Nc6 25. Nf6+ Kf8 26. g6 Bxf6 27. exf6 fxg6 28. Qg5 Kf7 29. Qf4 Ra7 30. Kg2 Qxf6 31. Qd2 Nd4 32. Bg4 Kf8 33. Re3 Rah7 34. Rg1 Rh2+ 35. Kf1 Kg7 36. Qe1 Rf8 37. f4 Nxc2 38. Qc1 Nxe3+ 39. Qxe3 Qa1+ 40. Qe1 Qxe1+ 41. Kxe1 Rxa2 0-1

[Event "Early-Titled-Tuesday-Blitz-January-16-2024"]
[Site "Chess.com"]
[Date "2024.01.16"]
[Round "2"]
[White "PavelShkapenko"]
[Black "LionelMessiFCB"]
[Result "1-0"]
[WhiteElo "2782"]
[BlackElo "2508"]
[TimeControl "180+1"]
[EndTime "8:18:07 PST"]
[Termination "PavelShkapenko won by resignation"]

1. e4 c5 2. c3 d5 3. exd5 Qxd5 4. d4 Nc6 5. Nf3 Nf6 6. Be2 Bf5 7. c4 Qe4 8. d5 Nd4 9. Nxd4 cxd4 10. O-O d3 11. Bf3 Qxc4 12. Nc3 g6 13. Bg5 Bg7 14. Re1 O-O 15.
Rxe7 h6 16. Bd2 b5 17. Qb3 g5 18. h3 Rfb8 19. d6 Qxb3 20. axb3 b4 21. Na4 Bf8 22.
Re5 Bg6 23. Bxa8 Bxd6 24. Rd5 Be7 25. Bc6 Nxd5 26. Bxd5 Rd8 27. Bc4 Bf6 28. Bxb4 Bh5 29. Bd2 g4 30. hxg4 Bxg4 31. Nc3 Bg5 32. Bxg5 hxg5 33.
f3 Be6 34. Bxe6 fxe6 35. Ne4 Rb8 36. Nd2 Rb7 37. Rc1 Kf7 38. Rc3 1-0

[Event "Early-Titled-Tuesday-Blitz-January-16-2024"]
[Site "Chess.com"]
[Date "2024.01.16"]
[Round "2"]
[White "ChessGiantYouTube"]
[Black "RaugintaBulba"]
[Result "1/2-1/2"]
[WhiteElo "2188"]
[BlackElo "2472"]
[TimeControl "180+1"]
[EndTime "8:18:07 PST"]
[Termination "Game drawn by 50-move rule"]

1. g3 Nf6 2. Bg2 g6 3. d3 Bg7 4. e3 O-O 5. h3 d5 6. Ne2 c5 7. Nd2 Nc6 8. O-O e5 9. b3 Be6 10. Bb2 Qd7 11. Kh2 Ne8 12. Rb1 f5 13. f4 Nc7 14. Nf3 e4 15. Ng5 Bxb2 16. Rxb2 Rad8 17.
d4 cxd4 18. Nxd4 Nxd4 19. Qxd4 Qg7 20. c3 Qxd4 21. cxd4 Bd7 22. h4 Rc8 23. Rc1 Ne6 24. Rbc2 Rxc2 25. Rxc2 Rc8 26. Rxc8+ Bxc8 27. Bf1 a6 28.
Nxe6 Bxe6 29. a3 Kf7 30. Kg2 Ke7 31. Kf2 Kd6 32. Ke1 b5 33. Kd2 Kc6 34. Kc3 Kb6 35.
Be2 h5 36. b4 Bd7 37. Kb3 Bc8 38. Kc3 Bb7 39. Kb3 Ba8 40. a4 Bc6 41. a5+ Kc7 42. Kc3 Kd6 43. Kb3 Ke7 44. Kc3 Kf6 45. Kb3 Kg7 46. Kc3 Kh6 47. Kb3 Kh7 48. Kc3 Kg8 49.
Kb3 Kf8 50. Kc3 Ke8 51. Kb3 Kd8 52. Kc3 Kc8 53. Kb3 Kb8 54. Kc3 Ka8 55. Kb3 Ka7 56.
Kc3 Kb7 57. Kb3 Kc7 58. Kc3 Kd7 59. Kb3 Ke7 60. Kc3 Kf7 61. Kb3 Kg7 62. Kc3 Kh6 63. Kb3 Bb7 64. Kc3 Ba8 65. Kb3 Kg7 66. Kc3 Kf6 67.
Kb3 Ke7 68. Kc3 Kd6 69. Kb3 Kc7 70. Kc3 Kb8 71. Kb3 Kc8 72. Kc3 Kd8 73. Kb3 Ke8 74. Kc3 Kf8 75. Kb3 Kg7 76. Kc3 Kh8 77. Kb3 Kh7 78.
Kc3 Kh6 79. Kb3 Bb7 80. Kc3 Bc8 81. Kb3 Be6 82. Kc3 Kg7 83. Kb3 Kf8 84. Kc3 Ke7 85. Kb3 Kd8 86. Kc3 Bg8 87. Kb3 Bh7 88. Kc3 Kc8 89.
Kb3 Kd7 90. Kc3 Kd6 91. Kb3 1/2-1/2

[Event "Early-Titled-Tuesday-Blitz-January-16-2024"]
[Site "Chess.com"]
[Date "2024.01.16"]
[Round "2"]
[White "jhedigm"]
[Black "MikaelyanArman"]
[Result "1-0"]
[WhiteElo "2589"]
[BlackElo "2843"]
[TimeControl "180+1"]
[EndTime "8:18:09 PST"]
[Termination "jhedigm won on time"]

1. d4 Nf6 2. c4 d6 3. Nc3 e5 4. Nf3 Nbd7 5. g3 g6 6. Bg2 Bg7 7.
O-O O-O 8. h3 Re8 9. Qc2 exd4 10. Nxd4 a5 11. Rd1 Nc5 12. e4 c6 13. Bf4 Nh5 14.
Be3 a4 15. Rab1 Qb6 16. b4 axb3 17. axb3 Qb4 18. Na2 Qa3 19. Nc3 Qb4 20. Na2 Qa5 21.
Nc3 Na6 22. g4 Nf6 23. Ra1 Qc7 24. Qd2 Bd7 25. Nde2 Nc5 26. Rxa8 Rxa8 27. b4 Ne6 28. e5 Ne8 29. exd6 Nxd6 30. Qxd6 Qxd6 31. Rxd6 Be8 32. c5 Ra1+ 33. Bf1 Be5 34. Rd2 Ra3 35. Ne4 f5 36. gxf5 gxf5 37. Nd6 Bh5 38. Nd4 f4 39. Nxe6 fxe3 40.
fxe3 Bf3 41. Kf2 Bd5 42. Nf4 Bb3 43. Bc4+ 1-0